[Event "*** Titled Tuesday Blitz"]
[Site "Chess.com"]
[Date "2019.10.01"]
[Round "3"]
[White "MarcoRiehle"]
[Black "Saitama_Hero"]
[Result "1/2-1/2"]
[WhiteElo "2587"]
[BlackElo "2340"]
[TimeControl "180+2"]
[EndTime "13:39:10 PDT"]
[Termination "Game drawn - insufficient material"]

1. e4 e6 2. c4 d5 3. cxd5 exd5 4.
Qb3 dxe4 5. Bc4 Qd7 6. Nh3 Nc6 7. Ng5 Nh6 8. O-O Na5 9. Qc3 Nxc4 10. Qxc4 Be7 11. Qxe4 Qf5 12. d4 Qxe4 13. Nxe4 Nf5 14. d5 O-O 15. Bf4 c6 16. d6 Bd8 17. Rd1 Be6 18. Nc5 Bb6 19. Nxe6 fxe6 20. Nc3 Rad8 21. Ne4 Nd4 22. Be3 Ne2+ 23. Kh1 Rf5 24. Bxb6 axb6 25. g3 Re5 26. f3 Rd5 27. Kg2 Nd4 28. Rd3 Nf5 29. Rb3 b5 30. a4 Nxd6 31. Nxd6 R8xd6 32. axb5 Rxb5 33. Rxb5 cxb5 34. Ra7 Rd2+ 35. Kh3 Rxb2 36. Rxb7 h6 37. Kg4 Rxh2 38. Rxb5 Re2 39. f4 Kf7 40. Rb6 Kf6 41. Kf3 Ra2 42. g4 Ra3+ 43. Kg2 Kf7 44.
Rb7+ Kf6 45. Rb6 g6 46. Kf2 Rh3 47. Rb8 Ra3 48. Rf8+ Ke7 49. Rh8 Ra4 50. Kg3 Ra3+ 51. Kh4 Ra1 52. Rxh6 Rh1+ 53. Kg5 Rxh6 54. Kxh6 Kf6 55.
g5+ Kf5 56. Kg7 Kxf4 57. Kxg6 e5 58. Kf6 e4 59. g6 e3 60. g7 e2 61. g8=Q e1=Q 62.
Qg5+ Kf3 63. Qf5+ Ke2 64. Qe5+ Kd1 65. Qxe1+ Kxe1 1/2-1/2

[Event "*** Titled Tuesday Blitz"]
[Site "Chess.com"]
[Date "2019.10.01"]
[Round "3"]
[White "SoltaniciR"]
[Black "2165149677570"]
[Result "1-0"]
[WhiteElo "2580"]
[BlackElo "2294"]
[TimeControl "180+2"]
[EndTime "13:39:11 PDT"]
[Termination "SoltaniciR won by resignation"]

1. e4 c5 2. Nf3 d6 3. d4 cxd4 4. Nxd4 Nf6 5. Nc3 a6 6. Be3 e5 7.
Nb3 Be6 8. f3 Be7 9. Qd2 O-O 10.
O-O-O Nbd7 11. g4 b5 12. g5 b4 13. Ne2 Ne8 14. Kb1 a5 15. f4 a4 16. Nbc1 b3 17.
cxb3 axb3 18. f5 bxa2+ 19. Ka1 Bc4 20. Nc3 Bxf1 21. Rhxf1 Nc7 22. N1e2 Na6 23. Nd5 Nac5 24. Nc1 Nxe4 25. Qg2 Ra4 26. f6 Bxf6 27. gxf6 Ndxf6 28.
Bh6 Ne8 29. Rg1 g6 30. Bxf8 Kxf8 31. Rgf1 f5 32. b3 Ra5 33. Qxe4 Qc8 34. Qb4 Rc5 35.
Nxa2 Qc6 36. Ndc3 Nc7 37. Qa4 Qg2 38. Qd7 Ne8 39. Qxh7 Ra5 40. Qh6+ Kf7 41. Qd2 Qb7 42. Qc2 Kg7 43. Na4 Rb5 44. Rd3 d5 45. Rc1 d4 46. Qc6 Rxb3 47. Qxb7+ Rxb7 48. Nb2 Nf6 49. Nc4 Re7 50. Re1 Ne4 51. Nd2 Nc5 52. Rxd4 Kf6 53.
Rd6+ Ne6 54. Nf3 e4 55. Nd4 Ke5 56. Rxe6+ Rxe6 57. Nxe6 1-0

[Event "*** Titled Tuesday Blitz"]
[Site "Chess.com"]
[Date "2019.10.01"]
[Round "3"]
[White "Stormeman100100"]
[Black "mjray79"]
[Result "0-1"]
[WhiteElo "2402"]
[BlackElo "2159"]
[TimeControl "180+2"]
[EndTime "13:39:16 PDT"]
[Termination "mjray79 won by resignation"]

1. e4 e5 2. Nf3 Nc6 3. Bc4 Bc5 4. d3 Nf6 5. O-O O-O 6. c3 d5 7. exd5 Nxd5 8. h3 Kh8 9. Nbd2 f6 10. d4 exd4 11.
Nb3 Bb6 12. Nbxd4 Nxd4 13. Nxd4 Bxd4 14. Qxd4 Nb6 15. Bb3 Qxd4 16. cxd4 Rd8 17. Bf4 c6 18. Rfe1 Bf5 19. Re7 Rxd4 20. Bg3 Rd7 21. Rae1 Bg6 22. Rxd7 Nxd7 23. Re7 Nc5 24. Bc4 Re8 25. Rc7 h5 26. Bd6 Re1+ 27. Kh2 Rc1 28. Rc8+ Kh7 29. Bg8+ Kh8 30. b4 Ne4 31. Bf4 Re1 32. g4 hxg4 33.
hxg4 Nxf2 34. Bg3 Nxg4+ 35. Kg2 Ra1 36. Be6+ Kh7 37. Bxg4 Rxa2+ 38. Kh3 Be4 39. Rc7 f5 40. Bd1 Kh6 41. Be5 Bg2+ 42. Kg3 g5 43. Rxb7 Be4 44.
Bf3 Ra3 45. Bg7+ Kg6 46. Bd4 Rxf3+ 47. Kh2 Ra3 48. Rxa7 Rxa7 49. Bxa7 f4 50. Bd4 Kf5 51. Kg1 g4 52. Kf2 g3+ 53. Kg1 Kg4 54. Bc5 f3 55. Bb6 f2+ 56. Bxf2 gxf2+ 57. Kxf2 Bd3 58.
Ke3 Bb5 59. Kd4 Kf4 60. Kc5 Ke4 61. Kb6 Kd4 0-1

[Event "*** Titled Tuesday Blitz"]
[Site "Chess.com"]
[Date "2019.10.01"]
[Round "3"]
[White "Rsnr"]
[Black "mishanick"]
[Result "1-0"]
[WhiteElo "2776"]
[BlackElo "2992"]
[TimeControl "180+2"]
[EndTime "13:39:18 PDT"]
[Termination "Rsnr won by resignation"]

1. d4 Nf6 2. c4 e6 3. Nf3 d5 4. e3 Be7 5. b3 O-O 6. Bb2 c5 7. Bd3 cxd4 8. exd4 Nc6 9. Nbd2 b6 10.
O-O Bb7 11. Qe2 Re8 12. Rac1 Rc8 13. h3 Bf8 14. Rfd1 g6 15. Qe3 Bg7 16. a3 Qe7 17. Ne5 Nxe5 18. dxe5 Nd7 19. f4 Red8 20. b4 Bh6 21.
Nf3 dxc4 22. Bxc4 Bxf3 23. Qxf3 Qh4 24. Rd4 b5 25. Bxb5 Rxc1+ 26. Bxc1 Nxe5 27. Rxd8+ Qxd8 28. Qe2 Qd4+ 29. Qe3 Qa1 30. Kh2 Qb1 31. Bd2 Qa2 32. Bc3 Nc4 33. Qd4 e5 34. fxe5 Ne3 35. Qd8+ Bf8 36.
Qd2 Qxd2 37. Bxd2 Nc2 38. Bd3 Nxa3 39. Kg3 Bg7 40. Bc3 Bf8 41. Kf4 h5 42. Ke4 Be7 43. Kd5 Kg7 44. Kc6 g5 45. Kb7 g4 46. Kxa7 gxh3 47.
gxh3 Kh6 48. Bd2+ Kg7 49. Ka6 Bd8 50. Bc1 Bc7 51. Bxa3 Bxe5 52. b5 Kf6 53. b6 Kg5 54. b7 Kh4 55. Bf5 Kg5 56. Bd7 f5 57. Kb6 Bd4+ 58. Kc6 Ba7 59. Bc5 Bb8 60. Bd6 Ba7 61.
Bc5 Bb8 62. Be7+ Kg6 63. Kd5 h4 64. Bd6 Ba7 65. Ke5 Kg5 66. Bxf5 Kh5 67. b8=Q 1-0

[Event "*** Titled Tuesday Blitz"]
[Site "Chess.com"]
[Date "2019.10.01"]
[Round "3"]
[White "JakubPulpan"]
[Black "Bigfish1995"]
[Result "1/2-1/2"]
[WhiteElo "2739"]
[BlackElo "2986"]
[TimeControl "180+2"]
[EndTime "13:39:19 PDT"]
[Termination "Game drawn by repetition"]

1. Nf3 d5 2. e3 c5 3. Bb5+ Nd7 4.
c4 e6 5. cxd5 exd5 6. d4 c4 7. O-O Nf6 8. Nc3 a6 9. Bxd7+ Bxd7 10.
e4 dxe4 11. Nd2 Bg4 12. Qc2 Qxd4 13. Re1 O-O-O 14. Ndxe4 Qd3 15. Qa4 Nxe4 16. Rxe4 Qxe4 17. Nxe4 Rd1+ 18. Qxd1 Bxd1 19. Be3 Bc2 20. Nd2 b5 21. b3 cxb3 22. Nxb3 Bxb3 23. axb3 Kb7 24. Rd1 Kc8 25. Ra1 Kb7 26. Rd1 Kc6 27. Rd8 f6 28. Ra8 Kd5 29. Rxa6 Bc5 30. Bd2 Re8 31. Kf1 Re7 32.
Ra8 Rd7 33. Ke2 Bb6 34. Rb8 Kc6 35. f3 Re7+ 36. Kd3 Bc7 37. Rc8 Rd7+ 38. Kc2 Kb7 39. Rh8 h6 40. h3 Kc6 41. Rc8 Re7 42. Bf4 Kb7 43. Rxc7+ Rxc7+ 44. Bxc7 Kxc7 45. Kc3 Kd6 46. Kd4 h5 47. h4 g5 48. g3 gxh4 49. gxh4 Kc6 50. b4 Kd6 51. Ke4 Ke6 52. Kd4 Kd6 53. Ke4 Ke6 54. Kd4 Kd6 1/2-1/2

[Event "*** Titled Tuesday Blitz"]
[Site "Chess.com"]
[Date "2019.10.01"]
[Round "3"]
[White "sofaceindisguise"]
[Black "Oleg_Papayan"]
[Result "1/2-1/2"]
[WhiteElo "2620"]
[BlackElo "2432"]
[TimeControl "180+2"]
[EndTime "13:39:21 PDT"]
[Termination "Game drawn - insufficient material"]

1. c4 c5 2. g3 Nc6 3. Bg2 g6 4. Nf3 Bg7 5. O-O e5 6. Nc3 Nge7 7. Ne1 O-O 8. Nc2 d6 9. Ne3 Be6 10. d3 Qd7 11. Rb1 h6 12. a3 a5 13. Ncd5 Rae8 14. b4 axb4 15. axb4 f5 16. bxc5 dxc5 17. Nxe7+ Rxe7 18.
Nd5 Ref7 19. Ba3 Qd6 20. e3 Ra8 21.
Rb3 b5 22. cxb5 Na5 23. Bxc5 Qxc5 24. Rc3 Qxb5 25. Nc7 Rxc7 26. Rxc7 Rc8 27. Rxc8+ Bxc8 28. Qc2 Be6 29. Rb1 Qd7 30. Qc3 Nb3 31. Rxb3 Bxb3 32. Qxb3+ Kh7 33. h4 h5 34. Bd5 Qc7 35. Bc4 Qd6 36.
Qb7 Qf6 37. Qd5 f4 38. Kg2 fxe3 39. fxe3 Kh6 40. Qe4 Qf5 41. Qc6 Qf6 42. Qd7 Qb6 43. Kf3 Qf6+ 44. Ke4 Qf2 45. Qh3 Qf6 46. g4 Qc6+ 47.
Bd5 Qa4+ 48. Kf3 hxg4+ 49. Qxg4 Qxg4+ 50. Kxg4 Bf6 51. Bf7 Bd8 52. Be8 Bb6 53. Kf3 Bd8 54. Ke4 Bb6 55. Bd7 g5 56. hxg5+ Kxg5 57. Bh3 Kf6 58. Bg4 Ke7 59. Bd1 Kd6 60. Bb3 Ba7 61.
d4 exd4 62. exd4 Bxd4 1/2-1/2

[Event "*** Titled Tuesday Blitz"]
[Site "Chess.com"]
[Date "2019.10.01"]
[Round "3"]
[White "adriangschnitzer"]
[Black "KhalilMousavi77"]
[Result "1/2-1/2"]
[WhiteElo "2527"]
[BlackElo "2812"]
[TimeControl "180+2"]
[EndTime "13:39:40 PDT"]
[Termination "Game drawn by agreement"]

1. e4 c5 2. Nf3 e6 3. d4 cxd4 4. Nxd4 Nf6 5. Nc3 Nc6 6. Nxc6 bxc6 7. e5 Nd5 8. Ne4 Qc7 9. f4 Qb6 10. c4 Bb4+ 11. Ke2 f5 12. exf6 Nxf6 13. Nd6+ Ke7 14. Be3 Bc5 15. Bxc5 Qxc5 16. Nxc8+ Raxc8 17. Qd3 e5 18. fxe5 Ng4 19. Qd6+ Qxd6 20. exd6+ Kxd6 21. Kd2 Rhf8 22.
Bd3 Rf2+ 23. Kc3 Rxg2 24. Rag1 Ne3 25. Rxg2 Nxg2 26. Rg1 Nf4 27. Rxg7 Re8 28. Rf7 Ne6 29. Rxh7 Rf8 30. b4 Rf3 31. c5+ Kc7 32. Kc4 Rf2 33. a4 Ng5 34. Rg7 Nf3 35. Kc3 Ne5 36. Rg3 Rxh2 37. Re3 Ng4 38. Rg3 Nf6 39. Rf3 Nd5+ 40.
Kb3 Rh5 41. Ba6 Rh4 42. Bc4 Ne7 43. Rf8 Rh3+ 44. Kb2 Re3 45. Ba6 Re4 46. Kb3 d6 47. Ra8 dxc5 48. bxc5 Nd5 49. Rxa7+ Kb8 50. Rb7+ Ka8 51.
Rh7 Re3+ 52. Kc4 Re4+ 53. Kd3 Rb4 54. Bc4 Rxa4 55. Bxd5 cxd5 56. Rd7 Kb8 57. Rxd5 Kc7 58. Rd6 Rh4 59. Rg6 Ra4 60. Kc3 Rh4 1/2-1/2

[Event "*** Titled Tuesday Blitz"]
[Site "Chess.com"]
[Date "2019.10.01"]
[Round "3"]
[White "VincentKeymer"]
[Black "ChessQueen"]
[Result "1/2-1/2"]
[WhiteElo "2463"]
[BlackElo "2602"]
[TimeControl "180+2"]
[EndTime "13:39:41 PDT"]
[Termination "Game drawn by agreement"]

1. Nf3 d5 2. e3 Nf6 3. c4 e6 4. Nc3 b6 5. b3 Bb7 6. Bb2 Be7 7.
cxd5 exd5 8. d4 O-O 9. Bd3 Nbd7 10. O-O Re8 11. Ne5 a6 12. f4 Nf8 13. Qf3 c5 14. Ne2 Ne4 15. Rad1 f6 16. Nc4 cxd4 17. Bxd4 Bc5 18. Bxe4 dxe4 19. Qg4 Qe7 20. Nxb6 Bxb6 21. Bxb6 a5 22. f5 Ba6 23. Bd4 a4 24. bxa4 Bd3 25.
Rf2 Rxa4 26. Nf4 Bc4 27. Nh5 Nd7 28. Rb2 Rxa2 29. Rb7 Be2 30. Qxg7+ Qxg7 31. Nxg7 Re7 32. Rc1 Rxg7 33. Rc8+ Nf8 34. Rbb8 Rf7 35. Bc5 Bg4 36. Bxf8 Rd7 37. Bh6+ Kf7 38. Rf8+ Ke7 39. Rfe8+ Kf7 40. Rf8+ Ke7 41. Rbe8+ Kd6 42. Bf4+ Kc6 43. Rc8+ Kb5 44. Rb8+ Kc4 45. Rfc8+ Kd3 46. Rb3+ Ke2 47. h3 Bxf5 48. Rc1 Bg6 49. Rb6 Rdd2 50. Rxf6 Rdb2 51. Rd6 Rc2 52. Rf1 Rd2 53. Rf2+ Kd1 54. Rfxd2+ Rxd2 55. Rxd2+ Kxd2 56. Kf2 Kd3 57. Kg3 Kc4 58. Kg4 Kd5 59.
Kg5 Ke6 60. h4 Be8 61. h5 Kf7 62. Kh6 Kg8 63. g4 Bd7 64. g5 Bf5 65. Be5 Kf7 66.
Bf4 Kg8 67. g6 hxg6 68. hxg6 Bg4 69. Kg5 Be2 70. Kf6 Bd3 1/2-1/2

[Event "*** Titled Tuesday Blitz"]
[Site "Chess.com"]
[Date "2019.10.01"]
[Round "3"]
[White "yuki_chess123"]
[Black "13MiRacLe"]
[Result "1-0"]
[WhiteElo "2184"]
[BlackElo "2503"]
[TimeControl "180+2"]
[EndTime "13:39:45 PDT"]
[Termination "yuki_chess123 won by resignation"]

1. Nf3 Nf6 2. g3 g6 3. Bg2 Bg7 4. c4 O-O 5. Nc3 d5 6. cxd5 Nxd5 7. O-O Nb6 8. d3 Nc6 9. Bd2 e5 10. Rc1 Re8 11. a3 Nd4 12. Nxd4 exd4 13. Ne4 c6 14.
Re1 h6 15. Nc5 Nd5 16. Qb3 b6 17. Na4 Bb7 18. Nc5 Bc8 19. Na4 Qd7 20. e4 dxe3 21. Bxe3 Bb7 22. Bxd5 cxd5 23. d4 Rac8 24. Nc3 Re6 25.
Ne2 Rxc1 26. Rxc1 Rc6 27. Rxc6 Bxc6 28. Nf4 Bf6 29. Kg2 Kg7 30. h3 Qf5 31. Qd3 Qd7 32. Qd2 h5 33. Nd3 Qe6 34. Nf4 Qe4+ 35. f3 Qe8 36. g4 hxg4 37. hxg4 Qd7 38. Nd3 Kg8 39. Qf2 Qe6 40. Bf4 Be7 41. Ne5 Be8 42. Qe3 f6 43.
Nd3 Qd7 44. g5 Bf7 45. gxf6 Bxf6 46. Be5 Qf5 47. Bxf6 Qxf6 48. Ne5 Kg7 49. Kg3 Qf5 50. Qf4 Kf6 51. Ng4+ Kg7 52. Qe5+ Qxe5+ 53. Nxe5 Be8 54. Kf4 Kf6 55. Ng4+ Kg7 56. Kg5 Bd7 57. Ne5 Bf5 58. Nc6 a5 59. Ne7 Bd3 60. Nxd5 b5 61.
Nf4 Bf5 62. d5 Kf7 63. d6 b4 64. axb4 axb4 65. Nxg6 Bc2 66. d7 1-0

[Event "*** Titled Tuesday Blitz"]
[Site "Chess.com"]
[Date "2019.10.01"]
[Round "3"]
[White "Alex_32167"]
[Black "champ2005"]
[Result "0-1"]
[WhiteElo "2658"]
[BlackElo "2821"]
[TimeControl "180+2"]
[EndTime "13:39:50 PDT"]
[Termination "champ2005 won by resignation"]

1. e4 Nf6 2. Nc3 e5 3. Nf3 Nc6 4.
Bb5 Bb4 5. O-O O-O 6. d3 Bxc3 7.
bxc3 d6 8. Re1 Ne7 9. d4 c6 10. Bf1 Ng6 11. Ba3 Re8 12. dxe5 dxe5 13. h3 Be6 14. Rb1 b6 15. c4 c5 16. Bb2 Qc7 17. Qd2 Rad8 18. Qg5 Bc8 19. Bd3 h6 20. Qe3 Bb7 21. Bc3 Bc6 22. Rbd1 Rd7 23. Qc1 Red8 24.
Qa1 Re8 25. a3 Rde7 26. Re3 Nf4 27. Rde1 Ng6 28. a4 a5 29. Nh2 Re6 30. Nf1 Qd7 31. Rd1 Rd6 32. Ng3 Qd8 33. Nf5 Rd7 34. Rb1 Re6 35. g3 Kh7 36. Qb2 Bxa4 37. Rbe1 Bc6 38. h4 Ng4 39. R3e2 Nf8 40. f3 Nf6 41. Ne3 Ng6 42.
Nd5 Kh8 43. Rh2 Nh5 44. Rg2 Nxh4 45. gxh4 Qxh4 46. Bxe5 Qxe1+ 47. Kh2 Qh4+ 48. Kg1 f6 49. Bc3 Nf4 50. Rg4 Nh3+ 51. Kg2 Qh5 52. Qxb6 Bxd5 53. Qb8+ Re8 54. Qb5 Be6 55. Kg3 Ng5 56. Rh4 Qxf3+ 57.
Kh2 Qf2+ 0-1

[Event "*** Titled Tuesday Blitz"]
[Site "Chess.com"]
[Date "2019.10.01"]
[Round "3"]
[White "Bucefal_M"]
[Black "TheLancer"]
[Result "0-1"]
[WhiteElo "2276"]
[BlackElo "2562"]
[TimeControl "180+2"]
[EndTime "13:39:50 PDT"]
[Termination "TheLancer won on time"]

1. d4 Nf6 2. c4 e6 3. g3 Bb4+ 4. Bd2 Qe7 5. Nf3 Bxd2+ 6. Qxd2 Ne4 7. Qc2 Qb4+ 8. Nbd2 Nxd2 9. Nxd2 Qe7 10. Bg2 O-O 11.
O-O d6 12. Rac1 Nc6 13. e3 a5 14. d5 Nb4 15. Qb1 e5 16. a3 Na6 17. b4 axb4 18.
axb4 Bg4 19. Qb3 f5 20. Rfe1 e4 21. Qc3 c5 22. dxc6 bxc6 23. h3 Bh5 24. c5 d5 25. Ra1 Nc7 26. Nb3 Nb5 27. Qb2 h6 28. Nd4 Qf6 29. Qd2 Nxd4 30. Qxd4 Qxd4 31. exd4 Rxa1 32.
Rxa1 Rb8 33. Rb1 Be2 34. Bf1 Bxf1 35. Kxf1 Kf7 36. h4 g5 37. hxg5 hxg5 38. Ke2 f4 39.
gxf4 gxf4 40. Kd2 Ra8 41. Rb2 Ke6 42. b5 cxb5 43. Rxb5 Ra2+ 44. Ke1 Ra4 45. Rb6+ Ke7 46. Rb7+ Ke6 47. Rb6+ Kf5 48. Rd6 Rxd4 49. c6 Ke5 50. c7 Rc4 51. Rd7 d4 52. Kd2 d3 53. Re7+ Kd6 54. Rf7 Rc2+ 55. Kd1 Ke5 56. Re7+ Kf5 57. Rg7 e3 58. fxe3 fxe3 59. Re7 Kf4 60. Rf7+ Ke5 61. Re7+ Kd4 62. Rd7+ Ke4 63. Re7+ Kf4 64. Rf7+ Kg5 65. Re7 e2+ 66. Ke1 Rc1+ 67. Kf2 Rf1+ 68. Kg2 Rf8 0-1

[Event "*** Titled Tuesday Blitz"]
[Site "Chess.com"]
[Date "2019.10.01"]
[Round "3"]
[White "SCIM"]
[Black "Kozok"]
[Result "1-0"]
[WhiteElo "2502"]
[BlackElo "2301"]
[TimeControl "180+2"]
[EndTime "13:39:55 PDT"]
[Termination "SCIM won by resignation"]

1. d4 Nf6 2. c4 e6 3. Nc3 d5 4. cxd5 exd5 5. Bg5 Bb4 6. Nf3 h6 7. Bxf6 Qxf6 8. e3 O-O 9. Bd3 Bg4 10. h3 Bh5 11. g4 Bg6 12. Ne5 Bxd3 13. Nxd3 Bxc3+ 14. bxc3 Nd7 15. O-O Rae8 16. Nf4 c6 17. Ne2 Qh4 18. Kg2 f5 19. Ng3 f4 20. exf4 Rxf4 21. Qd3 Ref8 22. Rae1 Qf6 23. f3 Qg5 24. Nh5 R4f7 25. f4 Qh4 26. Qg3 Qd8 27. f5 Nf6 28. Nxf6+ Qxf6 29. Re6 Qg5 30. Qf4 Qd8 31. Rfe1 Qa5 32.
Qd2 c5 33. dxc5 Qxc5 34. Re8 Qc6 35. Rxf8+ Rxf8 36. Qd4 Rc8 37. a4 Qxc3 38. Qxd5+ Kh7 39. Re2 Qc6 40. Qxc6 Rxc6 41. Re7 Kg8 42. Rxb7 a6 43.
Rb4 Rc3 44. Re4 Kf7 45. Rd4 Rc5 46. Kg3 a5 47. Kf4 Rc3 48. h4 Ra3 49. Rc4 Ra1 50.
g5 hxg5+ 51. hxg5 Ke7 52. Ke5 Re1+ 53. Re4 Ra1 54. Kd5+ Kd7 55. f6 gxf6 56. gxf6 Rf1 57. Re7+ Kd8 58. Ke6 Rf4 59. Ra7 Re4+ 60. Kf5 Re1 61.
f7 Rf1+ 62. Kg6 Rg1+ 63. Kf6 Rf1+ 64. Ke6 Re1+ 65. Kd6 Rd1+ 66. Kc6 Rc1+ 67. Kb6 Rb1+ 68. Kxa5 Rf1 69. Ra8+ Ke7 70. f8=Q+ Rxf8 71. Rxf8 Kxf8 72. Kb6 Ke7 73. Kb7 Kd6 74. a5 Kc5 1-0

[Event "*** Titled Tuesday Blitz"]
[Site "Chess.com"]
[Date "2019.10.01"]
[Round "3"]
[White "Vlad_Lukiianchuk"]
[Black "KhazarBabazada"]
[Result "0-1"]
[WhiteElo "2559"]
[BlackElo "2849"]
[TimeControl "180+2"]
[EndTime "13:40:02 PDT"]
[Termination "KhazarBabazada won by resignation"]

1. c4 e5 2. Nc3 Nf6 3. g3 Nc6 4. Bg2 Bc5 5. e3 O-O 6. Nge2 d6 7. a3 a6 8. Qc2 Re8 9. O-O Bd7 10.
b4 Bb6 11. Bb2 Qc8 12. Rfe1 Bf5 13. d3 Bh3 14. Bh1 a5 15. b5 Nd8 16. Na4 Ba7 17.
b6 cxb6 18. Qb3 Ne6 19. Nxb6 Bxb6 20. Qxb6 Rb8 21. Qxd6 Nc5 22. Bxe5 Rxe5 23. Qxe5 Nxd3 24. Qd4 Nxe1 25. Rxe1 Be6 26. Rc1 Qc7 27. Nf4 Rd8 28. Nxe6 fxe6 29. Qc3 e5 30. c5 e4 31. Bxe4 Kh8 32.
Bg2 Nd7 33. Rd1 Rf8 34. c6 Ne5 35. Rc1 bxc6 36. Bxc6 Rc8 37. Rd1 Nxc6 38. Rc1 Qb7 39. e4 Ne7 40. Qd2 Rxc1+ 41. Qxc1 Qxe4 42. Qc7 h6 43. Qxa5 Nd5 44. a4 Nb4 45. Qb5 Nd3 46. Qb1 Qe2 47. Qf1 Qxf1+ 48. Kxf1 Nc5 49. a5 Kg8 50. Ke2 Kf7 51. Ke3 Ke6 52. Kd4 Nb3+ 53. Ke4 Nxa5 54.
f4 Nc4 55. f5+ Kf6 56. g4 Nd6+ 57. Kf4 Nf7 58. h4 Nd6 59. g5+ hxg5+ 60. hxg5+ Kf7 61. Ke5 Nb5 62. Kf4 Nd4 63. Ke4 Nc6 64. Kd5 Nb4+ 65. Ke5 Na6 66. Kd5 Nc7+ 67. Ke5 Ne8 68. Kd5 Ke7 69. Ke5 Kf7 70. Kd5 Kf8 71. Ke6 Nc7+ 72.
Kd6 Nb5+ 73. Ke6 Nd4+ 74. Ke5 Nc6+ 75. Kd5 Nd8 76. Ke5 Nf7+ 77. Kf4 Ke8 78. Kg4 Kd7 79. Kh5 Ne5 80. f6 g6+ 81. Kh6 Ke6 82. Kg7 Kf5 83.
Kh6 Nf7+ 84. Kg7 Nxg5 85. Kh6 Nf7+ 86. Kg7 Ne5 0-1

[Event "*** Titled Tuesday Blitz"]
[Site "Chess.com"]
[Date "2019.10.01"]
[Round "3"]
[White "FrenchMonster2002"]
[Black "Bagirova"]
[Result "0-1"]
[WhiteElo "2392"]
[BlackElo "2093"]
[TimeControl "180+2"]
[EndTime "13:40:09 PDT"]
[Termination "Bagirova won by checkmate"]

1. e4 c5 2. Nc3 Nc6 3. Bb5 d6 4. Bxc6+ bxc6 5. f4 g6 6. Nf3 Bg7 7. O-O Nf6 8. d3 O-O 9. Qe1 Nd7 10. Qh4 e5 11. Ng5 h6 12. fxe5 hxg5 13. Bxg5 f6 14.
exf6 Bxf6 15. Rxf6 Rxf6 16. e5 dxe5 17. Ne4 Rf4 18.
Qxf4 exf4 19. Bxd8 Ba6 20. Bg5 c4 21. dxc4 Bxc4 22.
Bxf4 Rf8 23. g3 Bd5 24. Re1 Re8 25. Be5 Bxe4 26. Rxe4 Rxe5 27. Ra4 Re1+ 28. Kf2 Rc1 29. Rc4 Ne5 30. Rc3 Kf7 31. Ke3 Ke6 32. Kd4 Rd1+ 33. Kc5 Rd5+ 34. Kb4 Rb5+ 35. Ka3 a5 36. b3 Rd5 37.
Ka4 Kd6 38. Re3 Rd2 39. Rc3 Rxh2 40. Kxa5 Rf2 41. a4 Rf3 42. Rxf3 Nxf3 43. Kb6 Nd4 44. a5 Nb5 45. a6 Nc7 46. a7 Kd7 47. Kb7 c5 48. g4 g5 49. c4 Kd6 50. a8=Q Nxa8 51. Kxa8 Ke5 52. Kb7 Kf4 53. Kc6 Kxg4 54. Kxc5 Kh3 55. b4 g4 56. b5 g3 57. b6 g2 58. b7 g1=Q+ 59. Kc6 Qa7 60. Kc7 Qc5+ 61. Kd8 Qd6+ 62. Kc8 Qc6+ 63. Kb8 Qxc4 64. Ka7 Qa4+ 65.
Kb6 Qb4+ 66. Ka7 Qa5+ 67. Kb8 Kg4 68. Kc8 Qc5+ 69. Kb8 Kf5 70. Ka8 Qa5+ 71. Kb8 Ke6 72. Kc8 Qc5+ 73. Kd8 Qb6+ 74. Kc8 Qc6+ 75. Kd8 Qxb7 76.
Ke8 Qe7# 0-1

[Event "*** Titled Tuesday Blitz"]
[Site "Chess.com"]
[Date "2019.10.01"]
[Round "3"]
[White "Sanan_Sjugirov"]
[Black "AminMolaei"]
[Result "1-0"]
[WhiteElo "2953"]
[BlackElo "2692"]
[TimeControl "180+2"]
[EndTime "13:40:22 PDT"]
[Termination "Sanan_Sjugirov won by resignation"]

1. e4 e5 2. Nf3 Nc6 3. Bb5 a6 4.
Ba4 Nf6 5. O-O b5 6. Bb3 Bc5 7. d3 O-O 8. Nc3 d6 9. a4 Na5 10. Ba2 b4 11. Nd5 Nxd5 12. Bxd5 c6 13. Ba2 Bb6 14.
c3 bxc3 15. bxc3 Bg4 16. h3 Bh5 17. Rb1 Rb8 18. Bd2 Nb7 19. g4 Bg6 20. h4 h5 21.
Ng5 Nc5 22. gxh5 Bh7 23. Qf3 Qe7 24. Qg3 Kh8 25. a5 Bc7 26. Rxb8 Bxb8 27. Kh1 Bg8 28. Nh3 d5 29. Rg1 f5 30. h6 Ne6 31. exd5 e4 32.
Qg6 Rf6 33. Qg2 cxd5 34. Bxd5 g6 35. dxe4 fxe4 36. Bxe4 Qd6 37. Be3 Bf7 38. Ng5 Nxg5 39. hxg5 Re6 40. Bd4+ Kh7 41. f3 Qf4 42. Bf2 Be5 43.
Qh3 Rd6 44. Bd4 Bxd4 45. cxd4 Rxd4 46. Qg3 Qxg3 47. Rxg3 Ra4 48. Rg1 Rxa5 49. Kh2 Rc5 50. Kh3 a5 51. Kh4 a4 52. Rd1 Rc7 53. Ra1 Bb3 54.
Kg4 Rc4 55. Kf4 Rb4 56. Ke3 Rb5 57. Rc1 a3 58. Rc7+ Kg8 59. Rc8+ Kh7 60. Rc7+ Kg8 61. Bxg6 Rb8 62. Rg7+ Kh8 63. Rh7+ Kg8 64. Ra7 a2 65. f4 Bd5 66. f5 Ra8 67. Bf7+ Kh8 68. Rxa8+ Bxa8 69. Bxa2 Kh7 70. Kf4 1-0

[Event "*** Titled Tuesday Blitz"]
[Site "Chess.com"]
[Date "2019.10.01"]
[Round "3"]
[White "Alexander_Moskalenko"]
[Black "PaulfromSPb"]
[Result "1-0"]
[WhiteElo "2895"]
[BlackElo "2666"]
[TimeControl "180+2"]
[EndTime "13:40:23 PDT"]
[Termination "Alexander_Moskalenko won by resignation"]

1. c4 e5 2. Nc3 d6 3. g3 f5 4. Bg2 Nf6 5. d3 g6 6. Rb1 Bg7 7. b4 O-O 8. a4 Nc6 9. b5 Nd4 10. e3 Ne6 11. Nge2 Rb8 12. a5 g5 13. h4 h6 14.
hxg5 hxg5 15. Nd5 Nxd5 16. cxd5 Nc5 17. d4 Ne4 18. dxe5 dxe5 19. Ba3 Nd6 20. b6 axb6 21. axb6 Ra8 22. bxc7 Qxc7 23. Qb3 Rf6 24. O-O f4 25. exf4 gxf4 26. gxf4 exf4 27. Nd4 Rg6 28. Ne6 Qe7 29. Nxf4 Rg4 30. Rfe1 Qf6 31. Nh5 Qg6 32. Ng3 Bf5 33. Bxd6 Bxb1 34. Bc7 Ba2 35. Qxb7 Rf8 36. Qb6 Bd4 37.
Qxg6+ Rxg6 38. Re2 Rg5 39. Rxa2 Rf7 40. Ne4 Rg4 41. d6 Kg7 42. Rd2 Bc5 43. d7 Be7 44.
d8=Q Bxd8 45. Bxd8 Rb7 46. Rd1 Kg6 47. Ng3 Rb3 48.
Bc7 Kg7 49. Be5+ Kh6 50. Bd4 Rg6 51. Be3+ Kg7 52. Rd7+ Kf8 53. Bf3 Rxe3 54. fxe3 Rxg3+ 55. Kf2 Rg6 56. Rd4 Ke7 57. Rf4 Rb6 58. Be2 Ke6 59.
Rh4 Rb2 60. Kf3 Kf5 61. Bd3+ Kg5 62. Rd4 Rb3 63. Rd5+ Kf6 64. e4 Ke6 65. Ke3 Ra3 66.
Rd4 Ke5 67. Rd5+ Ke6 68. Kf4 Ra2 69. Bc4 Rc2 70. Rd4+ Ke7 71. Bd3 Rd2 72. Ke3 Rd1 73.
Ra4 Re1+ 74. Kd4 Kf6 75. Ra6+ Ke7 76. Ke5 Rd1 77. Bc4 Kd7 78. Bd5 Rh1 79. Ra7+ Kc8 80. Kd6 Rh6+ 81. Be6+ Kb8 82. Rf7 Ka8 83. e5 Rg6 84. Rf6 Rg7 85. Bd5+ Ka7 86. Rf7+ Kb8 87. Rxg7 1-0

[Event "*** Titled Tuesday Blitz"]
[Site "Chess.com"]
[Date "2019.10.01"]
[Round "3"]
[White "JSPrepz"]
[Black "misha_melnichuk"]
[Result "1/2-1/2"]
[WhiteElo "2835"]
[BlackElo "2534"]
[TimeControl "180+2"]
[EndTime "13:41:00 PDT"]
[Termination "Game drawn by repetition"]

1. e4 e5 2. Nf3 Nf6 3. Nc3 Nc6 4. a3 d5 5. Bb5 Nxe4 6. Nxe5 Nxc3 7. bxc3 Bd7 8. Bxc6 Bxc6 9. O-O Be7 10. Nxc6 bxc6 11.
d4 O-O 12. Rb1 Bd6 13. Qd3 Rb8 14. Be3 Rb6 15. a4 Qb8 16. Rbe1 Qb7 17. Qf5 Qc8 18. Qh5 Re8 19. Bg5 Rb8 20. Qf3 Qa6 21. Ra1 Qe2 22. Qf5 Qe6 23. Qd3 Qe2 24. Rab1 Rxb1 25. Rxb1 Qe1+ 26. Qf1 Qxc3 27. Qd1 h6 28. Be3 Qc4 29. a5 Qa4 30. Qd2 Qa2 31. Rd1 Qc4 32. Rb1 c5 33. c3 cxd4 34. cxd4 Qc6 35. g3 Qc4 36. Kg2 Qa6 37.
Qc3 Qc4 38. Qxc4 dxc4 39. Rc1 Rb8 40. Rxc4 Rb5 41. Ra4 a6 42. Kf3 Rb4 43. Ra2 Rb5 44.
Ke4 Bb4 45. Bf4 Bxa5 46. h4 Kh7 47. g4 g5 48. hxg5 hxg5 49. Be5 Kg6 50. f4 gxf4 51. Bxf4 f6 52. Ra4 Kf7 53. Rc4 Bb6 54. Bxc7 Bxc7 55. Rxc7+ Kg6 56. Rc6 a5 57. Ra6 Kg5 58. d5 Kxg4 59.
d6 Rb7 60. Rxa5 f5+ 61. Ke5 f4 62. Ra4 Rf7 63. Ke6 Rf8 64. Ke7 Rh8 65. d7 Kg3 66. Ra6 f3 67. Rg6+ Kf2 68. Rf6 Kg2 69. Rf8 Rxf8 70.
Kxf8 f2 71. d8=Q f1=Q+ 72. Kg7 Qf3 73. Qd2+ Qf2 74. Qd5+ Qf3 75. Qd2+ Qf2 76. Qb4 Qg3+ 77. Kh6 Qh3+ 78. Kg6 Qg3+ 79. Kf6 Qf3+ 80. Ke6 Qe2+ 81. Kd5 Qf3+ 82. Ke6 Qe2+ 83. Kf5 Qf3+ 84. Kg5 Qg3+ 85.
Kf6 Qf3+ 86. Ke6 1/2-1/2